 Dungeon Crawl Stone Soup version 0.26-a0-1120-ga1b6d6fda9 (webtiles) character file.

Game seed: 11997327836933067074

30 Adamkad1 the Shield-Bearer (level 3, -2/29 HPs)
             Began as a Formicid Fighter on Dec 17, 2020.
             Killed from afar by Natasha (10 damage)
             ... with a puff of flame
             ... on level 2 of the Dungeon.
             The game lasted 00:01:10 (890 turns).

Adamkad1 the Shield-Bearer (Formicid Fighter)        Turns: 890, Time: 00:01:11

Health: -2/29      AC:  6    Str: 21    XL:     3   Next: 37%
Magic:  3/3        EV:  8    Int:  7    God:
Gold:   119        SH:  9    Dex: 10    Spells: 2/2 levels left

rFire    . . .     SeeInvis +   a - +0 war axe
rCold    . . .     Faith    .   c - +0 kite shield
rNeg     . . .     Spirit   .   b - +0 scale mail
rPois    .         Reflect  .   (helmet unavailable)
rElec    .         Harm     .   (no cloak)
rCorr    .         Rampage  .   (no gloves)
Will     .....                  (no boots)
Stlth    ..........             (no amulet)
HPRegen  0.09/turn              (no ring)
MPRegen  0.08/turn              (no ring)

@: no status effects
A: permanent stasis, dig shafts and tunnels, four strong arms, antennae 3
a: Dig, Shaft Self


You were on level 2 of the Dungeon.
You visited 1 branch of the dungeon, and saw 2 of its levels.

You collected 119 gold pieces.

Inventory:

Hand Weapons
 a - a +0 war axe (weapon)
Missiles
 g - 5 boomerangs
Armour
 b - a +0 scale mail (worn)
 c - a +0 kite shield (worn)
Jewellery
 f - an uncursed ring of protection from fire {unknown}
Scrolls
 e - 2 scrolls of remove curse {unknown}
 h - 2 scrolls of magic mapping {unknown}
 i - 3 scrolls of identify {unknown}
 k - a scroll of fog {unknown}
 m - a scroll of teleportation {unknown}
Potions
 d - a potion of might
 j - 2 potions of degeneration {unknown}
 l - a potion of curing {unknown}


   Skills:
 + Level 3.6 Fighting
 * Level 2.7 Axes
 + Level 3.5 Armour
 + Level 3.9 Shields


You had 2 spell levels left.
You didn't know any spells.
Your spell library was empty.

Dungeon Overview and Level Annotations

Branches:
Dungeon (2/15)

Altars:

Annotations:
D:2 Natasha


Innate Abilities, Weirdness & Mutations

You cannot be hasted, slowed, berserked, paralysed or teleported.
You can dig through walls and to a lower floor.
Your four strong arms can wield two-handed weapons with a shield.
You have a pair of large antennae on your head. (SInv)


Message History

There is an open door here.
Natasha, Servant of Life and Death comes into view.
She is carrying a wand of flame (10).
Natasha hisses angrily.
Natasha claws you.
You closely miss Natasha. You block Natasha's attack.
Natasha zaps a wand.
The puff of flame misses you.
You barely miss Natasha.
Natasha zaps a wand.
The puff of flame hits you.
You barely miss Natasha. Natasha claws you! Natasha claws you.
* * * LOW HITPOINT WARNING * * *
You closely miss Natasha. You block Natasha's attack.
You barely miss Natasha. You block Natasha's attack.
Natasha stares at you and mumbles some strange words.
You resist with some effort.
You slash Natasha!
Natasha is heavily wounded.
You block Natasha's attack.
You closely miss Natasha.
Natasha is heavily wounded.
Natasha zaps a wand.
The puff of flame hits you!
You die...

#.#
#.#
#.#
#.#
#.#
#.#
#h#
#@#
#.#
#.#
#.#
#.#
#.#
#.#
#.#
#.#


You could see Natasha.

Vanquished Creatures
  A worm (D:2)
  2 dart slugs (D:1)
  2 leopard geckos (D:1)
  2 giant cockroaches (D:1)
  3 hobgoblins (D:1)
  3 bats
  A frilled lizard (D:2)
  2 kobolds (D:1)
  8 rats
24 creatures vanquished.

Notes
Turn   | Place    | Note
-------+----------+-------------------------------------------
     0 | D:1      | Adamkad1 the Formicid Fighter began the quest for the Orb.
     0 | D:1      | Reached XP level 1. HP: 18/18 MP: 1/1
   154 | D:1      | Reached XP level 2. HP: 24/24 MP: 2/2
   531 | D:1      | Reached XP level 3. HP: 29/29 MP: 3/3
   880 | D:2      | Noticed Natasha
   890 | D:2      | Killed from afar by Natasha

Illustrated notes

Levels and vault maps discovered:
D:1:      dpeg_arrival_stone_temple_mockup, layout_loops_ring, st_stairs_12
D:2:      layout_basic, grunt_ministairs_8, minmay_tromino_mix6, uniq_natasha

Action                   || total
-------------------------++-------
Melee: War axe           ||    95
Armor: Scale mail        ||    46
Dodge: Dodged            ||    45
Block: Kite shield       ||    65

Table legend: (Time is in decaauts)
 A = Elapsed time spent in this place.
 B = Non-inter-level travel time spent in this place.
 C = Inter-level travel time spent in this place.
 D = Time resting spent in this place.
 E = Time spent auto-exploring this place.
 F = Levels seen in this place.
 G = Mean time per level.
                   A        B        C        D        E       F      G
               +--------+--------+--------+--------+--------+-----+--------+
         Total |    932 |    916 |     16 |     50 |    628 |   2 |  466.0 |
       Dungeon |    932 |    916 |     16 |     50 |    628 |   2 |  466.0 |
               +--------+--------+--------+--------+--------+-----+--------+

Top non-repeatable levels by time:
     D:1: 682 daAuts
     D:2: 249 daAuts
